 Dungeon Crawl Stone Soup version 0.31-a0-569-g7ea453304b (webtiles) character file.

Game seed: 792942432096235504

672 Ijustatesigmund the Stinger (level 7, 0/43 HPs)
             Began as an Octopode Venom Mage on Aug 18, 2023.
             Slain by an ogre
             ... wielding a +0 giant club
              (21 damage)
             ... on level 4 of the Dungeon.
             The game lasted 00:07:55 (4714 turns).

Ijustatesigmund the Stinger (Octopode Venom Mage)   Turns: 4714, Time: 00:07:55

Health: 0/43       AC:  1    Str:  8    XL:     7   Next: 58%
Magic:  6/13       EV: 13    Int: 19    God:
Gold:   250        SH:  0    Dex: 12    Spells: 6/14 levels left

rFire   . . .        c - +0 short sword (venom)
rCold   . . .        (no shield)
rNeg    . . .        (helmet restricted)
rPois   .            (no amulet)
rElec   .            (no ring)
rCorr   .            (no ring)
SInv    .            (no ring)
Will    .....        (no ring)
Stlth   +++          (no ring)
HPRegen 0.27/turn    (no ring)
MPRegen 0.13/turn    (no ring)
                     (no ring)

%: no passive effects
@: no status effects
A: almost no armour, amphibious, 8 rings, camouflage 1, gelatinous body 1,
(nimble swimmer 1), tentacles
a: no special abilities


You were on level 4 of the Dungeon.
You visited 1 branch of the dungeon, and saw 4 of its levels.

You collected 250 gold pieces.

Inventory:

Hand Weapons
 c - a +0 short sword of venom (weapon)
Missiles
 b - 2 silver javelins (quivered)
Jewellery
 j - the ring "Afyadimieh" {rElec rF- rN+ Slay+6 SInv}
   (You took it off an orc wizard on level 4 of the Dungeon)

   [ring of see invisible]

   Slay+6:    It affects your accuracy & damage with ranged weapons and melee
   (+6).
   rF-:       It makes you vulnerable to fire.
   rElec:     It insulates you from electricity.
   rN+:       It protects you from negative energy.
   SInv:      It lets you see invisible.
Wands
 d - a wand of polymorph (10)
Scrolls
 e - a scroll of acquirement {unknown}
 f - 2 scrolls of identify {unknown}
 g - a scroll of teleportation {unknown}
 h - a scroll of brand weapon {unknown}
 i - a scroll of vulnerability {unknown}
 k - a scroll of enchant weapon {unknown}
Potions
 a - a potion of magic
 l - a potion of heal wounds {unknown}


   Skills:
 - Level 1.1 Fighting
 - Level 2.0 Dodging
 - Level 2.6 Stealth
 + Level 4.1 Spellcasting
 + Level 3.4 Conjurations
 + Level 1.6 Transmutations
 + Level 3.5 Air Magic
 + Level 5.9 Poison Magic


You had 6 spell levels left.
You knew the following spells:

 Your Spells              Type           Power      Damage    Failure   Level
a - Sting                 Tmut/Pois      72%        1d6       3%          1
b - Poisonous Vapours     Pois/Air       42%        N/A       3%          2
c - Mephitic Cloud        Conj/Pois/Air  20%        N/A       7%          3
d - Blink                 Tloc           6%         N/A       21%         2

Your spell library contained the following spells:

 Spells                   Type           Power      Damage    Failure   Level
 Momentum Strike          Conj/Tloc      20%        3d8       10%         2
 Olgreb's Toxic Radiance  Pois           26%        N/A       12%         4
 Summon Small Mammal      Summ           12%        N/A       14%         1
 Ensorcelled Hibernation  Hex/Ice        6%         N/A       21%         2
 Lesser Beckoning         Tloc           6%         N/A       21%         2
 Call Canine Familiar     Summ           3%         N/A       38%         3
 Portal Projectile        Hex/Tloc       6%         N/A       38%         3
 Summon Guardian Golem    Hex/Summ       3%         N/A       38%         3
 Tukima's Dance           Hex            3%         N/A       38%         3
 Iskenderun's Mystic Bla  Conj/Tloc      10%        2d4       54%         4
 Anguish                  Hex/Necr       1%         N/A       80%         4


Dungeon Overview and Level Annotations

Branches:
Dungeon (4/15)
 Temple: D:4-7

Altars:
Fedhas
Sif Muna
Yredelemnul


Innate Abilities, Weirdness & Mutations

You cannot wear most types of armour.
You are amphibious.
You can wear up to eight rings at the same time.
Your skin changes colour to match your surroundings (Stealth+).
Your rubbery body absorbs attacks. (AC +1, EV +1)
((You are camouflaged when in or above water. (Stealth+)))
You have tentacles for arms and can constrict up to eight enemies at once.


Message History

Aim: an ogre, wielding a +0 giant club (poisoned) Poisonous vapours surround the ogre!
The ogre looks even sicker.
A hobgoblin comes into view.
Casting: Poisonous Vapours (safe; 3% risk of failure)
Confirm with . or Enter, or press ? or * to list all spells.
Aiming: Poisonous Vapours (safe; 3% risk of failure)
Press: ? - help, Dir - move target, f/p - ogre
Aim: an ogre, wielding a +0 giant club (very poisoned) Poisonous vapours surround the ogre!
The ogre looks as sick as possible!
The hobgoblin shouts!
A ball python comes into view.
The ogre barely misses you.
You barely miss the ogre.
The ogre is moderately wounded.
A hobgoblin comes into view.
You barely miss the ogre.
The ogre is heavily wounded.
The ogre hits you with a +0 giant club!!
The hobgoblin hits you.
You are too injured to fight recklessly!
You are too injured to fight recklessly!
You are too injured to fight recklessly!
You are too injured to fight recklessly!
You are too injured to fight recklessly!
You are too injured to fight recklessly!
Casting: Poisonous Vapours (safe; 3% risk of failure)
Confirm with . or Enter, or press ? or * to list all spells.
Aiming: Poisonous Vapours (safe; 3% risk of failure)
Press: ? - help, Dir - move target, f/p - ogre
Aim: an ogre, wielding a +0 giant club (heavily wounded, very poisoned) Poisonous vapours surround the ogre!
The ogre looks as sick as possible!
The hobgoblin shouts!
The ball python barely misses you. The ball python completely misses you.
You hit the ball python.
The ball python is poisoned.
Your grab misses the ball python. You squeeze the ball python.
You kill the ball python!
You barely miss the ogre. You squeeze the ogre.
The ogre is severely wounded.
The ogre hits you with a +0 giant club!!
You die...

# # ### .. # ##.## #
#...# # ♣.♣.### #
#.....# #
#..♣#♣.♣.♣.# # .#
#...ggO@..# ##...
###♣.♣.♣#♣.#
......###...)#.# #.#
#####.....#..♣.♣##.#
#....#..##.##
##.####...##
######.# #####
####'..##.#
....##.##.#


You could see an ogre (extremely poisoned) and 2 hobgoblins.

Vanquished Creatures
  Sigmund (D:3)
  Menkaure (D:4)
  An ogre (D:4)
  A scorpion (D:4)
  Terence (D:2)
  3 orc wizards (D:4)
  4 adders (D:2)
  2 white imps (D:4)
  2 worms
  2 dart slugs
  6 orcs
  15 ball pythons
  2 endoplasms
  4 giant cockroaches
  7 goblins
  12 hobgoblins
  3 jackals (D:1)
  6 quokkas
  4 bats
  6 frilled lizards
  6 kobolds
  6 rats
95 creatures vanquished.

Notes
Turn   | Place    | Note
-------+----------+-------------------------------------------
     0 | D:1      | Ijustatesigmund the Octopode Venom Mage began the quest for
                  | the Orb.
     0 | D:1      | Reached XP level 1. HP: 11/11 MP: 3/3
   213 | D:1      | Reached XP level 2. HP: 8/18 MP: 0/5
   269 | D:1      | Learned a level 2 spell: Poisonous Vapours
   282 | D:1      | You fall into a shaft and drop 1 floor!
   404 | D:1      | Reached skill level 1 in Fighting
   404 | D:1      | Reached skill level 4 in Poison Magic
   545 | D:1      | Reached XP level 3. HP: 23/23 MP: 4/6
   558 | D:1      | Learned a level 3 spell: Mephitic Cloud
   570 | D:1      | Found a faded altar of an unknown god.
  1056 | D:2      | Reached skill level 1 in Air Magic
  1379 | D:2      | Reached skill level 1 in Conjurations
  1379 | D:2      | Reached XP level 4. HP: 18/28 MP: 4/7
  1482 | D:2      | Noticed Terence
  1495 | D:2      | Killed Terence
  1881 | D:2      | Noticed Sigmund
  2129 | D:3      | Found a blossoming altar of Fedhas.
  2373 | D:3      | Killed Sigmund
  2374 | D:3      | Reached skill level 5 in Poison Magic
  2374 | D:3      | Reached XP level 5. HP: 24/33 MP: 4/10
  2374 | D:3      | Reached XP level 6. HP: 28/38 MP: 4/11
  3120 | D:3      | Found a basalt altar of Yredelemnul.
  3180 | D:3      | Found a shimmering blue altar of Sif Muna.
  3752 | D:4      | Identified the ring "Afyadimieh" {rElec rF- rN+ Slay+6
                  | SInv}
  3923 | D:4      | Reached XP level 7. HP: 43/43 MP: 6/12
  3982 | D:4      | Learned a level 2 spell: Blink
  4028 | D:4      | Noticed Menkaure
  4039 | D:4      | Killed Menkaure
  4714 | D:4      | Slain by an ogre

Illustrated notes

Levels and vault maps discovered:
D:1:      spicycebolla_arrival_xxxplode, layout_basic,
          shapermc_ecumenical_altar_mp_urbaneastern, minmay_pentomino_p2
D:2:      layout_basic, uniq_terence, uniq_sigmund
D:3:      layout_rooms, mainiacjoe_overflow_paths, fedhas_altar_1,
          nicolae_sif_muna_condensation
D:4:      cheibrodos_quashed, layout_loops_ring, mainiacjoe_overflow_swirl,
          serial_forest, infiniplex_forest_end_3, infiniplex_forest_lined_4_way,
          infiniplex_forest_clump_curved, infiniplex_forest_join,
          infiniplex_forest_clump_medium, infiniplex_forest_diagonal,
          infiniplex_forest_clump_tiny, uniq_menkaure

Skill      XL: |  1  2  3  4  5  6  7 |
---------------+----------------------+-----
Fighting       | 1 |  1.1
Poison Magic   | 4 5 |  5.9
Air Magic      | 1 2 3 |  3.5
Conjurations   | 1 2 3 |  3.4
Spellcasting   | 3 4 |  4.1
Dodging        | |  2.0
Stealth        | |  2.6
Transmutations | |  1.6

Action                     |  1- 3 |  4- 6 |  7- 9 || total
---------------------------+-------+-------+-------++-------
  Melee: Dagger            |    30 |       |       ||    30
         Tentacles         |    11 |    17 |     7 ||    35
         Unarmed           |     2 |    14 |       ||    16
         Constrict         |    12 |    24 |     4 ||    40
         Short sword       |    24 |    80 |    23 ||   127
  Throw: Javelin           |     2 |       |     2 ||     4
   Cast: Sting             |    12 |    10 |       ||    22
         Poisonous Vapours |    19 |    42 |     7 ||    68
         Mephitic Cloud    |       |     3 |       ||     3
    Use: Potion            |       |     1 |       ||     1
   Stab: Sleeping          |       |     1 |     2 ||     3
         Distracted        |       |     1 |       ||     1
         Confused          |       |     1 |       ||     1
 Armour: Skin              |       |     4 |       ||     4
  Dodge: Dodged            |    40 |    49 |    10 ||    99

Table legend: (Time is in decaauts)
 A = Elapsed time spent in this place.
 B = Non-inter-level travel time spent in this place.
 C = Inter-level travel time spent in this place.
 D = Time resting spent in this place.
 E = Time spent auto-exploring this place.
 F = Levels seen in this place.
 G = Mean time per level.
                   A        B        C        D        E       F      G
               +--------+--------+--------+--------+--------+-----+--------+
         Total |   4715 |   4619 |     96 |   1188 |   2782 |   4 | 1178.8 |
       Dungeon |   4715 |   4619 |     96 |   1188 |   2782 |   4 | 1178.8 |
               +--------+--------+--------+--------+--------+-----+--------+

Top non-repeatable levels by time:
     D:2: 1729 daAuts
     D:4: 1263 daAuts
     D:3: 978 daAuts
     D:1: 743 daAuts
